 Dungeon Crawl Stone Soup version 0.24.0-2-g5b39cebb1c (webtiles) character file.

Game seed: 5114871504851151327, levelgen mode: deterministic

10100 Quickbrownfox the Summoner (level 11, -9/75 HPs)
             Began as a Merfolk Summoner on Oct 28, 2019.
             Was a High Priest of Hepliaklqana.
             Engulfed by their own flame (28 damage)
             ... on level 11 of the Dungeon on Oct 29, 2019.
             The game lasted 01:58:00 (13989 turns).

Quickbrownfox the Summoner (Merfolk Summoner)      Turns: 13989, Time: 01:58:00

Health: -9/75      AC:  8    Str: 13    XL:     11   Next: 56%
Magic:  0/23       EV: 15    Int: 15    God:    Hepliaklqana [*****.]
Gold:   410        SH:  4    Dex: 15    Spells: 8/27 levels left

rFire    . . .     SeeInvis .   B - +2 scimitar (flame)
rCold    + . .     Gourm    .   o - +0 buckler
rNeg     + . .     Faith    .   a - +1 leather armour {rN+}
rPois    .         Spirit   +   (helmet restricted)
rElec    .         Reflect  .   f - scarf {Spirit}
rCorr    .         Harm     .   r - +0 pair of gloves
MR       .....                  i - +2 pair of boots
Stlth    +++.......             (no amulet)
HPRegen  0.22/turn              s - ring of protection from cold
MPRegen  0.18/turn              (no ring)

@: about to teleport
A: change form in water, swift swim, stealthy swim, reduced essence, horns 2,
robust 1, strong 1
a: Recall Ancestor, Ancestor Identity, Transference, Idealise, Renounce Religion


You were on level 11 of the Dungeon.
You worshipped Hepliaklqana.
Hepliaklqana was extremely pleased with you.
You were not hungry.

You visited 2 branches of the dungeon, and saw 12 of its levels.

You collected 714 gold pieces.
You spent 304 gold pieces at shops.

Inventory:

Hand Weapons
 g - a +0 short sword
 n - a +3 great sword of flaming
 B - a +2 scimitar of flaming (weapon)
Missiles
 C - 4 boomerangs (quivered)
Armour
 a - a +1 leather armour of positive energy (worn)
 d - the -4 cloak "Eduedoask" {rF+ rCorr Dex-5}
   (You bought it in a shop on level 8 of the Dungeon)

   It affects your dexterity (-5).
   It protects you from fire.
   It provides partial protection from all sources of acid and corrosion.
 f - a scarf of spirit shield (worn)
 i - a +2 pair of boots (worn)
 o - a +0 buckler (worn)
 r - a +0 pair of gloves (worn)
 x - +0 acid dragon scales
Jewellery
 s - a ring of protection from cold (left hand)
 E - a cursed ring of protection from fire
Wands
 j - a wand of acid (8)
 w - a wand of random effects (32)
 D - a wand of flame (17)
 G - a wand of iceblast (10)
 H - a wand of paralysis (4)
Scrolls
 b - 3 scrolls of teleportation
 e - a scroll of brand weapon
 t - a scroll of fog
 u - a scroll of torment
 v - a scroll of amnesia
 y - a scroll of magic mapping
 z - a scroll of fear {unknown}
Potions
 h - 3 potions of mutation
 k - a potion of agility
 l - 4 potions of curing
 m - a potion of flight
 p - a potion of magic
 q - a potion of resistance
 A - 2 potions of lignification
 F - a potion of berserk rage {unknown}
Comestibles
 c - 14 rations


   Skills:
 - Level 3.2 Fighting
 + Level 5.8(7.0) Short Blades
 + Level 5.2(6.3) Long Blades
 + Level 1.3 Throwing
 + Level 4.0 Armour
 + Level 6.3 Dodging
 + Level 5.6 Stealth
 + Level 1.8 Shields
 + Level 8.7 Spellcasting
 + Level 1.3 Hexes
 + Level 9.6 Summonings
 * Level 3.8 Ice Magic
 + Level 2.6 Invocations


You had 8 spell levels left.
You knew the following spells:

 Your Spells              Type           Power        Failure   Level  Hunger
a - Summon Small Mammal   Summ           ####         1%          1    None
b - Call Imp              Summ           #####...     1%          2    None
c - Call Canine Familiar  Summ           #####...     1%          3    #......
d - Summon Guardian Gole  Hex/Summ       ###.....     6%          3    #......
e - Summon Ice Beast      Ice/Summ       ####....     12%         4    ###....
f - Summon Lightning Spi  Summ/Air       ###.....     26%         4    ###....
g - Ensorcelled Hibernat  Hex/Ice        ##....       10%         2    None

Your spell library contained the following spells:

 Spells                   Type           Power        Failure   Level  Hunger
 Corona                   Hex            ##.....      11%         1    None
 Confuse                  Hex            ##......     32%         3    #......
 Tukima's Dance           Hex            ##......     32%         3    #......
 Dazzling Spray           Conj/Hex       #.....       38%         3    #......


Dungeon Overview and Level Annotations

Branches:
Dungeon (11/15)            Temple (0/1) D:6            Lair (1/6) D:9
    Orc: D:9-12

Altars:
Dithmenos
Fedhas
Hepliaklqana
Qazlal
Trog
Uskayaw
Vehumet
Zin
The Shining One

Shops:
D:8 *


Innate Abilities, Weirdness & Mutations

You revert to your normal form in water.
You are very nimble and swift while swimming.
You are very stealthy in the water. (Stealth+)
Your life essence is reduced to manifest your ancestor. (-10% HP)
You have a pair of horns on your head.
You are robust. (+10% HP)
Your muscles are strong. (Str +2)


Message History

* * * LOW HITPOINT WARNING * * *
You block the eight-headed hydra's attack.
Your white imp barely misses the eight-headed hydra.
Your guardian golem is engulfed in blazing flames.
You swap places.
The eight-headed hydra bites your white imp!
The eight-headed hydra barely misses your white imp.
The eight-headed hydra bites your white imp.
Your white imp dies!
The eight-headed hydra bites your white imp.
The eight-headed hydra bites your white imp! x2
Your white imp dies!
Your guardian golem is engulfed in blazing flames.
Your guardian golem overheats!
As you read the scroll of teleportation, it crumbles to dust.
You feel strangely unstable.
Your guardian golem is engulfed in blazing flames.
Really walk into that cloud of flame?
You are engulfed in blazing flames.
You die...

*,,* #...5
#####'******* #[###
#....,,,,,,,* #.#.#
#....,,,,,,,**#.#.#
*...,,,,,,,,+,+...#
*...,,,,,,,,**###.#
*#'#********* #...5
#.# #5### #@###
#hR.. #8.ยง###
###h# ###D..# #5.
###.### ##. #....#
#.. #....########..
#h.............
#.5..########..
#....# #..


You could see an eight-headed hydra and a friendly guardian golem (inner flame).

Vanquished Creatures
  A two-headed ogre (D:8)
  An ugly thing (D:8)
  2 trolls
  A hornet (D:9)
  2 slime creatures (D:7)
  3 hippogriffs
  A spriggan (D:9)
  3 wyverns (D:9)
  A hungry ghost (D:8)
  A basilisk (D:9)
  An acid dragon (D:9)
  A water moccasin (Lair:1)
  An orc warrior (D:11)
  A sky beast (D:6)
  An ice beast (D:7)
  A phantom (D:10)
  2 ogres
  2 centaurs
  3 crocodiles
  2 big kobolds (D:7)
  4 bullfrogs
  A gnoll sergeant (D:10)
  2 scorpions (D:4)
  6 wights
  4 crimson imps
  3 bullfrog zombies
  2 centaur skeletons
  3 jellies
  6 orc wizards
  7 hounds
  2 orc priests
  An iguana (D:8)
  4 worker ants
  A howler monkey zombie (D:6)
  4 gnolls
  A hexer (D:7)
  3 adders
  A shadow imp (D:5)
  An ooze (D:7)
  An adder zombie (D:7)
  2 worms
  15 orcs
  2 bats (D:1)
  4 giant cockroaches
  10 goblins
  5 hobgoblins
  6 jackals
  4 quokkas
  5 frilled lizards
  9 kobolds
  A leopard gecko zombie (D:7)
  A quokka skeleton (D:8)
  2 quokka zombies
  2 rats
156 creatures vanquished.

Vanquished Creatures (collateral kills)
  2 ugly things
  A black mamba (Lair:1)
  2 hippogriffs
  A slime creature (D:7)
  3 wyverns
  A porcupine (Lair:1)
  A sky beast (D:7)
  2 ice beasts
  2 necrophages
  5 orc warriors
  A black bear (Lair:1)
  A phantom (D:11)
  4 ogres
  2 centaurs
  2 big kobolds
  3 bullfrogs
  4 scorpions
  11 wights
  4 killer bees
  2 crimson imps
  A bullfrog zombie (D:6)
  Crazy Yiuf (D:2)
  3 orc priests
  3 centaur skeletons
  2 hounds (D:4)
  4 jellies
  6 orc wizards
  A hexer (D:11)
  2 iguanas
  4 worker ants
  A worker ant zombie (D:10)
  Robin (D:4)
  7 adders
  2 gnolls
  2 oozes
  An adder skeleton (D:6)
  A leopard gecko (D:2)
  15 orcs
  5 goblins (D:4)
  2 hobgoblins
  5 jackals
  2 quokkas
  3 kobolds
  A rat (D:2)
129 creatures vanquished.

Vanquished Creatures (others)
  10 hexers
  4 ancestors (D:2)
  6 fungi (D:7)
  9 toadstools (D:7)
29 creatures vanquished.

Grand Total: 314 creatures vanquished

Notes
Turn   | Place    | Note
-------+----------+-------------------------------------------
     0 | D:1      | Quickbrownfox the Merfolk Summoner began the quest for the
                  | Orb.
     0 | D:1      | Reached XP level 1. HP: 13/13 MP: 3/3
   857 | D:1      | Reached XP level 2. HP: 19/19 MP: 3/5
   861 | D:1      | Learned a level 2 spell: Call Imp
  1232 | D:1      | Reached XP level 3. HP: 3/24 MP: 0/6
  1511 | D:2      | Learned a level 3 spell: Call Canine Familiar
  1516 | D:2      | Found a hazy altar of Hepliaklqana.
  1524 | D:2      | Became a worshipper of Hepliaklqana the Forgotten
  2108 | D:2      | Reached XP level 4. HP: 13/27 MP: 3/7
  2202 | D:2      | Found a runed translucent door.
  2203 | D:2      | Noticed Crazy Yiuf
  2222 | D:2      | Gained mutation: You are clumsy. (Dex -2) [potion of
                  | mutation]
  2222 | D:2      | Gained mutation: You have a pair of small horns on your
                  | head. [potion of mutation]
  2269 | D:2      | Killed Crazy Yiuf
  2269 | D:2      | Reached skill level 1 in Short Blades
  2592 | D:3      | Lost mutation: You are clumsy. (Dex -2) [potion of
                  | mutation]
  2592 | D:3      | Lost mutation: You have a pair of small horns on your head.
                  | [potion of mutation]
  2592 | D:3      | Gained mutation: You have a pair of small horns on your
                  | head. [potion of mutation]
  2592 | D:3      | Gained mutation: You are robust. (+10% HP) [potion of
                  | mutation]
  2592 | D:3      | Gained mutation: You have a pair of horns on your head.
                  | [potion of mutation]
  2592 | D:3      | Gained mutation: Your muscles are strong. (Str +2) [potion
                  | of mutation]
  2623 | D:3      | Reached * piety under Hepliaklqana
  2729 | D:3      | Reached XP level 5. HP: 30/36 MP: 9/9
  3332 | D:4      | Reached ** piety under Hepliaklqana
  3404 | D:4      | Found a glowing golden altar of the Shining One.
  3432 | D:4      | Reached skill level 1 in Fighting
  3719 | D:4      | Reached XP level 6. HP: 29/43 MP: 6/10
  3720 | D:4      | Remembered your ancestor Octavia as a hexer
  3917 | D:4      | Noticed Robin
  3930 | D:4      | Killed Robin
  3972 | D:4      | Found a hide-covered altar of Uskayaw.
  3973 | D:4      | Found a glowing silver altar of Zin.
  3984 | D:4      | Reached skill level 5 in Summonings
  3990 | D:4      | Reached skill level 1 in Shields
  3990 | D:4      | Reached XP level 7. HP: 38/48 MP: 5/12
  4533 | D:5      | Entered Level 5 of the Dungeon
  4533 | D:5      | Found a blossoming altar of Fedhas.
  4749 | D:5      | Found a radiant altar of Vehumet.
  5050 | D:5      | Reached skill level 5 in Dodging
  5125 | D:5      | Reached *** piety under Hepliaklqana
  5146 | D:5      | Learned a level 3 spell: Summon Guardian Golem
  5367 | D:6      | Reached XP level 8. HP: 56/56 MP: 5/14
  5373 | D:6      | Reached skill level 1 in Invocations
  5402 | D:6      | Found a staircase to the Ecumenical Temple.
  5436 | D:6      | Reached skill level 6 in Summonings
  5442 | D:6      | Learned a level 4 spell: Summon Ice Beast
  5928 | D:7      | Reached skill level 1 in Armour
  6820 | D:7      | Reached skill level 5 in Short Blades
  6820 | D:7      | Reached XP level 9. HP: 64/64 MP: 16/16
  7323 | D:7      | Reached skill level 5 in Spellcasting
  7891 | D:8      | Reached skill level 7 in Summonings
  8414 | D:8      | Found Hiato's Assorted Antiques.
  8417 | D:8      | Bought a smoking cloak for 304 gold pieces
  8427 | D:8      | Identified the -4 cloak "Eduedoask" {rF+ rCorr Dex-5} (You
                  | bought it in a shop on level 8 of the Dungeon)
  8485 | D:8      | Reached **** piety under Hepliaklqana
  8553 | D:8      | Reached XP level 10. HP: 70/70 MP: 18/20
  8839 | D:8      | Reached skill level 5 in Stealth
  8933 | D:8      | Found a shadowy altar of Dithmenos.
  9111 | D:9      | Noticed a brown ugly thing
  9116 | D:9      | Noticed a two-headed ogre
  9315 | D:8      | Killed a two-headed ogre
  9315 | D:8      | Reached skill level 1 in Long Blades
  9315 | D:8      | Reached skill level 8 in Summonings
  9851 | D:8      | Killed a brown ugly thing
  9981 | D:8      | Learned a level 4 spell: Summon Lightning Spire
 10394 | D:9      | Reached skill level 1 in Hexes
 10435 | D:9      | Reached skill level 1 in Ice Magic
 10526 | D:9      | Upgraded the game from 0.24.0-1-gfbc8707122 to
                  | 0.24.0-2-g5b39cebb1c
 10594 | D:9      | Found a staircase to the Lair.
 10740 | D:9      | Reached skill level 9 in Summonings
 10780 | D:9      | Reached XP level 11. HP: 68/75 MP: 3/22
 11063 | D:9      | Found a bloodstained altar of Trog.
 11238 | Lair:1   | Entered Level 1 of the Lair of Beasts
 11483 | Lair:1   | Reached skill level 1 in Throwing
 12012 | D:10     | Entered Level 10 of the Dungeon
 12012 | D:10     | Reached ***** piety under Hepliaklqana
 12548 | D:10     | Noticed a cyan ugly thing
 12563 | D:10     | Killed a cyan ugly thing
 12598 | D:10     | Learned a level 2 spell: Ensorcelled Hibernation
 12877 | D:10     | Found a stormy altar of Qazlal.
 13069 | D:11     | Noticed an eight-headed hydra
 13602 | D:11     | Noticed a white ugly thing
 13621 | D:11     | Killed a white ugly thing
 13621 | D:11     | Reached skill level 5 in Long Blades
 13989 | D:11     | Engulfed by their own flame

Levels and vault maps discovered:
D:1:      sevenhm_arrival_forest_fort_large_2, layout_rooms,
          serial_bayou_pond_e, serial_bayou_crossing
D:2:      layout_loops_ring, lemuel_crystal_altar, uniq_crazy_yiuf_cottage
D:3:      layout_basic, first_ration
D:4:      layout_basic, gammafunk_temple_overflow_pools, tso_altar, uniq_robin
D:5:      layout_cave_pods, kennysheep_little_box, fedhas_altar_3
D:6:      layout_basic, minmay_temple_entry_waves, bh_walls_and_bars
D:7:      cheibrodos_fertilizer, layout_basic
D:8:      layout_basic, lemuel_doored_altar, serial_shops, shop
D:9:      layout_big_octagon, erik_lair_dragon, the_bakery, trog_book
D:10:     layout_small_grid, basic_altar, nicolae_sextant
D:11:     layout_roguey
Lair:1:   layout_gridlike, serial_bayou_shore_a, serial_bayou_shore_b,
          grunt_megastairs_4

Skill      XL: |  1  2  3  4  5  6  7  8  9 10 11 |
---------------+----------------------------------+-----
Dodging        | 3 4 5 6 |  6.3
Short Blades   | 1 2 3 4 5 |  5.8
Stealth        | 3 4 5 |  5.6
Spellcasting   | 3 4 6 7 8 |  8.7
Fighting       | 1 2 3 |  3.2
Summonings     | 5 6 7 9 |  9.6
Shields        | 1 |  1.8
Invocations    | 2 |  2.6
Armour         | 2 3 4 |  4.0
Long Blades    | 3 5 |  5.2
Hexes          | 1 |  1.3
Ice Magic      | 2 3 |  3.8
Throwing       | 1 |  1.3

Action                   |  1- 3 |  4- 6 |  7- 9 | 10-12 || total
-------------------------+-------+-------+-------+-------++-------
Melee: Unarmed           |    27 |       |       |       ||    27
       Short sword       |    73 |    95 |   254 |     3 ||   425
       Headbutt          |       |    17 |    46 |    38 ||   101
       Scimitar          |       |       |       |   226 ||   226
Throw: Stone             |       |       |     8 |       ||     8
       Boomerang         |       |       |       |    20 ||    20
 Cast: Summon Small Mamm |    25 |    13 |    84 |    77 ||   199
       Call Imp          |     2 |     7 |    45 |    66 ||   120
       Call Canine Famil |       |       |     6 |    21 ||    27
       Summon Guardian G |       |       |     4 |    22 ||    26
       Summon Ice Beast  |       |       |       |    10 ||    10
       Ensorcelled Hiber |       |       |       |     1 ||     1
Invok: Ancestor Life: He |       |     1 |       |       ||     1
       Recall Ancestor   |       |       |       |     1 ||     1
Evoke: Wand              |       |       |       |     5 ||     5
  Use: Scroll            |     2 |     4 |    10 |     9 ||    25
       Potion            |     1 |     4 |     3 |     4 ||    12
 Stab: Sleeping          |     7 |     4 |    12 |     6 ||    29
       Distracted        |     1 |     1 |     5 |     9 ||    16
       Confused          |       |       |     2 |     2 ||     4
  Eat: Ration            |     1 |     1 |     3 |     4 ||     9
       Chunk             |       |     3 |     8 |     7 ||    18
Armor: Robe              |    25 |    21 |    13 |       ||    59
       Leather armour    |       |       |    40 |    52 ||    92
Dodge: Dodged            |   119 |    60 |   181 |   178 ||   538
Block: Buckler           |     5 |    22 |    36 |    56 ||   119
       Rpst.: Scimitar   |       |       |       |    36 ||    36
